 Dungeon Crawl Stone Soup version 0.22.1-1-ga44c0e5 (webtiles) character file.

1289 Fang the Chopper (level 8, 0/51 HPs)
             Began as a Gargoyle Berserker on Oct 25, 2018.
             Was a Priest of Trog.
             Slain by an orc wizard
             ... wielding a +0 dagger
              (3 damage)
             ... on level 6 of the Dungeon.
             The game lasted 00:07:22 (5379 turns).

Fang the Chopper (Gargoyle Berserker)               Turns: 5379, Time: 00:07:23

Health: 0/51       AC:  7    Str: 28    XL:     8   Next: 55%
Magic:  8/8        EV: 13    Int:  8    God:    Trog [***...]
Gold:   352        SH:  0    Dex:  9    Spells: 7/7 levels left

rFire    . . .     SeeInvis .   k - +0 war axe
rCold    . . .     Gourm    .   (no shield)
rNeg     + . .     Faith    .   b - +0 animal skin
rPois    ∞         Spirit   .   (no helmet)
rElec    +         Reflect  .   (no cloak)
rCorr    .         Harm     .   (no gloves)
MR       .....                  (no boots)
Stlth    +.........             (no amulet)
HPRegen  0.17/turn              y - +5 ring of strength
MPRegen  0.11/turn              v - ring of attention (curse)

@: berserk cooldown, slowed, very slow
A: negative energy resistance 1, electricity resistance, unbreathing,
petrification resistance, rot immunity, AC +5
a: Berserk, Trog's Hand, Renounce Religion


You were on level 6 of the Dungeon.
You worshipped Trog.
Trog was most pleased with you.
You were not hungry.

You visited 1 branch of the dungeon, and saw 6 of its levels.

You collected 352 gold pieces.

Inventory:

Hand Weapons
 k - a +0 war axe (weapon)
Armour
 b - a +0 animal skin (worn)
Jewellery
 j - an uncursed ring of ice
 v - a cursed ring of attention (right hand)
 x - an uncursed ring of stealth
 y - a +5 ring of strength (left hand)
Scrolls
 a - a scroll of fear {unknown}
 d - 4 scrolls of remove curse {unknown}
 e - 2 scrolls of teleportation {unknown}
 g - 7 scrolls of identify {unknown}
 i - a scroll of fog {unknown}
 m - a scroll of enchant armour {unknown}
 n - 2 scrolls of immolation {unknown}
 s - a scroll of amnesia {unknown}
 u - a scroll of enchant weapon {unknown}
Potions
 f - 2 potions of lignification {unknown}
 h - a potion of brilliance {unknown}
 l - a potion of haste {unknown}
 o - 2 potions of invisibility
 p - a potion of cancellation {unknown}
 q - a potion of mutation {unknown}
 r - 2 potions of heal wounds {unknown}
 t - 2 potions of flight {unknown}
 w - a potion of agility {unknown}
Comestibles
 c - 10 rations


   Skills:
 + Level 5.9 Fighting
 + Level 7.4 Axes
 + Level 2.3 Armour
 + Level 3.9 Dodging
 + Level 2.2 Stealth


You had 7 spell levels left.
You didn't know any spells.
Your spell library was empty.

Dungeon Overview and Level Annotations

Branches:
Dungeon (6/15)             Temple (0/1) D:4

Altars:
Trog

Annotations:
D:3 2 transporters


Innate Abilities, Weirdness & Mutations

You are resistant to torment.
Your stone body is resilient. (AC +5)
You are immune to poison.
You resist negative energy. (rN+)
You are resistant to electric shocks. (rElec)
You can survive without breathing.
You are immune to petrification.
You are immune to rotting.


Message History

* * * LOW HITPOINT WARNING * * *
The bullfrog skeleton hits you but does no damage.
Something hits you but does no damage.
The bullfrog skeleton barely misses you.
You hit the bullfrog skeleton.
The bullfrog skeleton is heavily damaged.
You closely miss something. Something hits you but does no damage.
The bullfrog skeleton barely misses you.
Something hits you but does no damage. The bullfrog skeleton hits you.
* * * LOW HITPOINT WARNING * * *
You hear some strange, mumbled words.
A puff of flame appears from out of thin air!
The puff of flame misses you.
The bullfrog skeleton closely misses you.
The bullfrog skeleton hits you.
* * * LOW HITPOINT WARNING * * *
Things that are here:
a war axe; a short sword You barely miss something.
You slash the bullfrog skeleton! Something hits you.
You die...

..# ##..# #. #.# #...#
#. #.# #.#.# .######.
#.# #.#.# ......#. #.#
##.#.. #......##
###.###....# .. ..)#
#..........#
.#.##.##Z####.#.###)...#
......(@.........#######
<.....#######..### .....
#..# .... #..# ... #..#
.. #..# . #..# #..# #...


You could see a bullfrog skeleton.

Vanquished Creatures
  Menkaure (D:6)
  A water moccasin (D:6)
  2 ogres (D:4)
  2 centaurs
  A bullfrog (D:6)
  3 scorpions
  A howler monkey (D:6)
  A crimson imp (D:6)
  A bullfrog zombie (D:6)
  A bullfrog skeleton (D:4)
  A hound (D:5)
  2 centaur skeletons
  An orc wizard (D:3)
  Terence (D:3)
  2 worker ants (D:4)
  4 gnolls
  5 adders
  2 shadow imps (D:5)
  An ooze (D:3)
  5 worms
  4 dart slugs
  A leopard gecko (D:1)
  9 orcs
  6 giant cockroaches
  9 goblins
  5 hobgoblins
  17 jackals
  8 kobolds
  4 quokkas
  3 ball pythons
  A ball python skeleton (D:4)
  6 bats
  4 frilled lizards
  A jackal skeleton (D:4)
  A quokka skeleton (D:6)
  7 rats
  A plant (D:4)
125 creatures vanquished.

Notes
Turn   | Place    | Note
-------+----------+-------------------------------------------
     0 | D:1      | Fang the Gargoyle Berserker began the quest for the Orb.
     0 | D:1      | Reached XP level 1. HP: 14/14 MP: 1/1
    69 | D:1      | Reached XP level 2. HP: 11/19 MP: 2/2
    75 | D:1      | Reached skill level 3 in Axes
   135 | D:1      | HP: 1/20 [jackal (3)]
   624 | D:1      | You fall through a shaft!
   630 | D:2      | Reached XP level 3. HP: 23/24 MP: 3/3
   827 | D:2      | Noticed a centaur
   835 | D:2      | Killed a centaur
   835 | D:2      | Reached XP level 4. HP: 29/29 MP: 4/4
   838 | D:2      | Reached XP level 5. HP: 33/33 MP: 5/5
   973 | D:2      | Reached skill level 4 in Axes
  1259 | D:1      | Reached ** piety under Trog
  1989 | D:3      | Found a bloodstained altar of Trog.
  2008 | D:3      | Found a transporter.
  2197 | D:3      | Found a transporter.
  2288 | D:3      | Reached XP level 6. HP: 38/39 MP: 6/6
  2726 | D:3      | Noticed Terence
  2734 | D:3      | Killed Terence
  2734 | D:3      | Reached skill level 5 in Axes
  3003 | D:4      | Found a staircase to the Ecumenical Temple.
  3007 | D:4      | Reached skill level 1 in Stealth
  3007 | D:4      | Reached XP level 7. HP: 27/44 MP: 7/7
  3205 | D:4      | Reached *** piety under Trog
  3244 | D:4      | Reached skill level 5 in Fighting
  3674 | D:4      | Reached skill level 6 in Axes
  4105 | D:5      | Entered Level 5 of the Dungeon
  4462 | D:5      | Reached XP level 8. HP: 50/50 MP: 8/8
  5275 | D:6      | Reached skill level 7 in Axes
  5353 | D:6      | Noticed Menkaure
  5364 | D:6      | Killed Menkaure
  5378 | D:6      | HP: 2/51 [bullfrog skeleton (4)]
  5379 | D:6      | Slain by an orc wizard

Skill      XL: |  1  2  3  4  5  6  7  8 |
---------------+-------------------------+-----
Axes           | 3 4 5 6 7 |  7.4
Fighting       | 4 5 |  5.9
Dodging        | 2 3 |  3.9
Stealth        | 1 2 |  2.2
Armour         | |  2.3

Action                   |  1- 3 |  4- 6 |  7- 9 || total
-------------------------+-------+-------+-------++-------
Melee: Hand axe          |    61 |    13 |       ||    74
       War axe           |       |   174 |   171 ||   345
Invok: Berserk           |     3 |     1 |     3 ||     7
 Stab: Sleeping          |       |     1 |     2 ||     3
  Eat: Chunk             |     1 |     8 |     9 ||    18
       Ration            |       |       |     1 ||     1
Armor: Animal skin       |    29 |    45 |    53 ||   127
Dodge: Dodged            |    68 |   106 |   129 ||   303
